 Dungeon Crawl Stone Soup version 0.20.0-8-g6b59dc7 (webtiles) character file.

32 RKaid the Caller (level 3, -1/14 HPs)
             Began as a Felid Summoner on May 29, 2017.
             Slain by a worm (9 damage)
             ... on level 3 of the Dungeon.
             The game lasted 00:10:54 (3073 turns).

RKaid the Caller (Felid Summoner)                   Turns: 3073, Time: 00:10:55

Health: -1/14      AC:  1    Str:  4    XL:     3   Next: 8%
Magic:  5/7        EV: 19    Int: 22    God:
Gold:   105        SH:  0    Dex: 16    Spells: 1/7 levels left
                                        Lives:  0   Deaths: 1

rFire    . . .     SeeInvis +     - Unarmed
rCold    . . .     Gourm    .   (shield unavailable)
rNeg     . . .     Faith    .   (armour unavailable)
rPois    .         Spirit   .   (helmet unavailable)
rElec    .         Reflect  .   (cloak unavailable)
rCorr    .         Harm     .   (gloves unavailable)
MR       .....                  (boots unavailable)
Stlth    +++.......             (no amulet)
Regen    0.1/turn               h - +5 ring of intelligence
MPRegen  0.1/turn               (no ring)

@: quick
A: no armour, no weapons or thrown items, stealth, claws 1, fangs 3, see
invisible, carnivore 3, speed 1, shaggy fur 1, slow metabolism 1, sharp paws
a: no special abilities


You were on level 3 of the Dungeon.
You were not hungry.

You visited 1 branch of the dungeon, and saw 3 of its levels.

You collected 105 gold pieces.

Inventory:

Jewellery
 h - a +5 ring of intelligence (left paw)
   (You found it on level 2 of the Dungeon)
Scrolls
 d - a scroll of amnesia {unknown}
 e - 5 scrolls of teleportation {unknown}
 j - a scroll of blinking {unknown}
 k - a scroll of identify {unknown}
 m - a scroll of immolation {unknown}
 n - a scroll of fog {unknown}
 o - a scroll of remove curse
Potions
 i - a potion of invisibility {unknown}
 l - a potion of curing {unknown}
Books
 a - a book of Callings
Comestibles
 b - 3 meat rations
 f - 2 royal jellies


   Skills:
 + Level 3.5 Dodging
 - Level 2.6 Stealth
 * Level 2.0 Unarmed Combat
 + Level 2.6 Spellcasting
 + Level 4.4 Summonings


You had one spell level left.
You knew the following spells:

 Your Spells              Type           Power        Failure   Level  Hunger
a - Summon Small Mammal   Summ           ###.         2%          1    None
b - Call Imp              Summ           ###.....     3%          2    ##.....
c - Call Canine Familiar  Summ           ###.....     6%          3    ###....


Dungeon Overview and Level Annotations

Branches:
Dungeon (3/15)

Altars:
Elyvilon
Qazlal
Trog

Portals:
Sewer: D:3

Annotations:
D:3 exclusion: Grinder, Grinder


Innate Abilities, Weirdness & Mutations

You cannot wear armour.
You are incapable of wielding weapons or throwing items.
Your paws allow you to move quietly. (Stealth)
You have sharp claws.
You have razor-sharp teeth.
You have supernaturally acute eyesight. (SInv)
You are carnivorous and can eat meat at any time.
You cover ground quickly.
You are covered in fur. (AC +1)
You have a slow metabolism.
Your sharp claws are effective at attacking unaware monsters.


Message History

Something hits the plant but does no damage.
The orc wizard shouts!
A leopard gecko comes into view.
The leopard gecko hisses angrily.
The leopard gecko bites you but does no damage.
You scratch the leopard gecko.
The leopard gecko completely misses you.
You completely miss the leopard gecko. The leopard gecko misses you.
You scratch the leopard gecko.
You kill the leopard gecko!
The orc priest invokes the aid of Beogh against you.
Beogh smites you!
Ouch! That really hurt!
* * * LOW HITPOINT WARNING * * *
You hear the rusting of a distant drain.
You see here a hand axe.
There is a stone staircase leading up here.
You start resting.
Eating one of 8 chunks of flesh.
You eat one of the 8 chunks of flesh.
This raw flesh tastes great.
All of the chunks of flesh in your inventory have rotted away.
You hear the rusting of a distant drain.
You start resting.
You hear the brisk rusting of a distant drain.
You start resting.
You hear the brisk rusting of a distant drain.
A bat comes into view.
You enter a teleport trap!
The teleport trap disappears.
Your surroundings suddenly seem different.
An ooze and an orc come into view.
The orc priest shouts!
Okay, then.
Found a white marble altar of Elyvilon.
An adder comes into view.
Marking area around Grinder as unsafe for travelling.
Grinder comes into view.
Unknown command.
A dart slug comes into view.
A kobold comes into view.
The kobold shouts!
The kobold throws a stone.
The stone completely misses you.
The kobold throws a stone.
The stone hits you but does no damage.
You see here a stone.
You hear a splashing noise.
A rat comes into view.
Found a stone staircase leading down.
You hear a splashing noise.
You hear a splashing noise.
An adder comes into view.
You hear the brisk rusting of a very distant drain.
The rat bites you.
The orc priest invokes the aid of Beogh against you.
Pain shoots through your body! The rat closely misses you.
You enter the shallow water.
Moving in this stuff is going to be slow.
The orc wizard shouts!
The bat misses you.
The orc priest mumbles some strange prayers to Beogh against you.
Beogh smites you!
Ouch! That really hurt!
* * * LOW HITPOINT WARNING * * *
The rat misses you.
Okay, then.
As you read the scroll labeled YRYQUKIUNY, it crumbles to dust.
You feel blessed for a moment.
It was a scroll of remove curse.
o - a scroll of remove curse The orc shouts! x2
The bat barely misses you.
The orc wizard mumbles some strange words.
The orc wizard seems to speed up.
The orc priest mumbles some strange prayers to Beogh against you.
Beogh smites you!
Ouch! That really hurt!
You die...
The orc throws a stone.
The stone misses you.
The stone hits the rat.
The rat dies!
You are now level 3!
You rejoin the land of the living...
Memorise Call Canine Familiar, consuming 3 spell levels and leaving 1?
You start memorising the spell.
You continue memorising. x3
You finish memorising.
Spell assigned to 'c'.
You see here a ring mail.
You now have 105 gold pieces (gained 16).
A worm comes into view.
Found a bread ration.
Found a glowing drain.
A giant cockroach comes into view.
Casting: Call Imp
Confirm with . or Enter, or press ? or * to list all spells.
A shadowy apparition takes form in the air.
You scratch the worm. You scratch the worm. The worm bites you!
Ouch! That really hurt!
You barely miss the worm.
Your shadow imp barely misses the worm.
You scratch the worm but do no damage.
Your shadow imp completely misses the worm.
The worm completely misses you.
You scratch the worm.
Your shadow imp hits the worm.
You scratch the worm.
Your shadow imp hits the worm.
The worm bites you!
Ouch! That really hurt!
You die...

#....... ...
#.......#..≈
####.......≈≈≈≈
.......%.#≈≈≈≈≈
........≈≈≈≈≈
#.....s≈≈≈∩≈
#.....≈≈≈≈≈≈
......
#...@w#≈≈≈≈≈
!.....
##.#.5..≈≈≈≈
.....# #
#.#.#..#...
..... .#
#...##..... $.
#.#.##. ##..##
###.. #..#.....
#...# #
b...#...# ##.#.#
#.......# #....#
##......###.#.##


You could see a worm, a giant cockroach and a friendly shadow imp.

Vanquished Creatures
  An orc wizard (D:3)
  A worm (D:2)
  6 leopard geckos
  4 bats (D:2)
  A giant cockroach (D:1)
  4 goblins
  3 hobgoblins
  A frilled lizard (D:1)
  3 rats
24 creatures vanquished.

Vanquished Creatures (collateral kills)
  An adder (D:2)
  A dart slug (D:2)
  3 orcs (D:3)
  3 goblins (D:1)
  2 hobgoblins
  2 jackals (D:2)
  8 kobolds (D:1)
  A bat (D:1)
  A rat (D:1)
22 creatures vanquished.

Vanquished Creatures (others)
  A rat (D:3)
1 creature vanquished.

Grand Total: 47 creatures vanquished

Notes
Turn   | Place    | Note
-------+----------+-------------------------------------------
     0 | D:1      | RKaid the Felid Summoner began the quest for the Orb.
     0 | D:1      | Reached XP level 1. HP: 7/7 MP: 4/4
   457 | D:1      | Reached XP level 2. HP: 11/11 MP: 6/6
   493 | D:1      | Learned a level 2 spell: Call Imp
   864 | D:1      | Reached skill level 1 in Unarmed Combat
   865 | D:1      | Upgraded the game from 0.20.0-7-g3b7b877 to 0.20.0-8-g6b59dc7
   869 | D:1      | Reached skill level 3 in Dodging
  1407 | D:2      | Found a stormy altar of Qazlal.
  1624 | D:2      | Reached XP level 3. HP: 12/14 MP: 2/7
  1811 | D:2      | HP: 3/14 [poisoned by an adder]
  2580 | D:3      | Reached skill level 2 in Unarmed Combat
  2580 | D:3      | Reached XP level 4. HP: 7/18 MP: 5/8
  2754 | D:3      | Found a bloodstained altar of Trog.
  2996 | D:3      | Found a white marble altar of Elyvilon.
  3004 | D:3      | Noticed Grinder
  3032 | D:3      | HP: 3/18 [orc priest/divine providence (9)]
  3033 | D:3      | Killed from afar by an orc priest
  3034 | D:3      | Reached XP level 3. HP: -7/14 MP: 7/7
  3038 | D:3      | Learned a level 3 spell: Call Canine Familiar
  3063 | D:3      | Found a glowing drain.
  3073 | D:3      | Slain by a worm

Skill      XL: |  1  2  3 |
---------------+----------+-----
Unarmed Combat | 1 2 |  2.0
Dodging        | 3 |  3.5
Stealth        | |  2.6
Spellcasting   | |  2.6
Summonings     | |  4.4

Action                   |  1- 3 |  4- 6 || total
-------------------------+-------+-------++-------
Melee: Unarmed           |   117 |     3 ||   120
       Bite              |     7 |       ||     7
 Cast: Summon Small Mamm |    26 |       ||    26
       Call Imp          |     6 |       ||     6
  Use: Scroll            |       |     1 ||     1
 Stab: Sleeping          |     4 |       ||     4
  Eat: Chunk             |    11 |     1 ||    12
Armor: Skin              |     4 |     1 ||     5
Dodge: Dodged            |   122 |     8 ||   130

Table legend:
 A = Turns spent in this place as a percentage of turns spent in the entire game.
 B = Non-inter-level travel turns spent in this place as a percentage of non-inter-level travel turns spent in the entire game.
 C = Inter-level travel turns spent in this place as a percentage of turns spent in this place.
 D = Turns resting spent in this place as a percentage of non-inter-level travel turns spent in this place.
 E = Turns spent auto-exploring this place as a percentage of non-inter-level travel turns spent in this place.
 F = Non-inter-level travel turns spent in this place divided by the number of levels of this place that you've seen.
                   A       B       C       D       E      F
               +-------+-------+-------+-------+-------+----------------------
         Total | 100.0 | 100.0 |   0.2 |   4.3 |   4.3 | 321.3
       Dungeon | 100.0 | 100.0 |   0.2 |   4.3 |   4.3 | 321.3
               +-------+-------+-------+-------+-------+----------------------

Table legend:
 A = Kills in this place as a percentage of kills in entire the game.
 B = Kills by you in this place as a percentage of kills by you in the entire game.
 C = Kills by friends in this place as a percentage of kills by friends in the entire game.
 D = Other kills in this place as a percentage of other kills in the entire game.
 E = Experience gained in this place as a percentage of experience gained in the entire game.
 F = Experience gained in this place divided by the number of levels of this place that you have seen.
                   A       B       C       D       E      F
               +-------+-------+-------+-------+-------+----------------------
         Total | 100.0 | 100.0 | 100.0 |  -nan | 100.0 |  35.3
       Dungeon | 100.0 | 100.0 | 100.0 |  -nan | 100.0 |  35.3
               +-------+-------+-------+-------+-------+----------------------
